 Dungeon Crawl Stone Soup version 0.31.0-9-g3a7656b989 (webtiles) character file.

Game seed: 15721193606803740610

16184 libmonsoon the Thaumaturge (level 12, -8/91 HPs)
             Began as a Gnoll Hedge Wizard on Jan 27, 2024.
             Mangled by a vampire (9 damage)
             ... on level 11 of the Dungeon.
             The game lasted 00:49:57 (17904 turns).

libmonsoon the Thaumaturge (Gnoll Hedge Wizard)    Turns: 17904, Time: 00:49:57

Health: -8/91      AC:  5    Str: 10    XL:     12   Next: 34%
Magic:  3/26       EV: 14    Int: 17    God:
Gold:   218        SH: 10    Dex: 13    Spells: 22/31 levels left

rFire   . . .        D - +2 dagger (elec)
rCold   + . .        l - +0 kite shield
rNeg    . . .        b - +0 robe
rPois   .            c - +0 hat
rElec   .            H - +0 cloak
rCorr   .            (no gloves)
SInv    .            I - +0 pair of boots
Will    .....        (no amulet)
Stlth   ++++         g - ring of protection from cold
HPRegen 0.35/turn    w - ring of wizardry
MPRegen 0.20/turn

%: wizardry (x1)
@: no status effects
A: fangs 1, strong nose, distributed training
a: no special abilities


You were on level 11 of the Dungeon.
You visited 2 branches of the dungeon, and saw 12 of its levels.
You also visited: Sewer.

You collected 470 gold pieces.
You spent 252 gold pieces at shops.

Inventory:

Hand Weapons
 j - a +2 whip of flaming
 C - a +5 dagger of freezing
 D - a +2 dagger of electrocution (weapon)
 E - a +2 dagger of venom
Missiles
 v - 16 poisoned darts (quivered)
Armour
 b - a +0 robe (worn)
 c - a +0 hat (worn)
 l - a +0 kite shield (worn)
 y - a +0 buckler
 H - a +0 cloak (worn)
 I - a +0 pair of boots (worn)
Magical Staves
 n - a staff of death
Jewellery
 g - a ring of protection from cold (left hand)
 w - a ring of wizardry (right hand)
Talismans
 P - a granite talisman
Wands
 A - a wand of mindburst (13)
 B - a wand of charming (11)
 Q - a wand of flame (5)
 R - a wand of digging (6)
Scrolls
 a - 2 scrolls of blinking {unknown}
 e - a scroll of enchant armour {unknown}
 f - 6 scrolls of fear {unknown}
 h - 5 scrolls of teleportation
 k - 2 scrolls of fog {unknown}
 r - a scroll of butterflies {unknown}
 t - 2 scrolls of revelation {unknown}
 u - a scroll of torment {unknown}
 x - 5 scrolls of enchant weapon
 z - a scroll of amnesia {unknown}
 J - a scroll of vulnerability {unknown}
 K - 2 scrolls of brand weapon {unknown}
 L - 3 scrolls of noise {unknown}
 O - a scroll of identify
Potions
 d - 4 potions of cancellation
 i - 5 potions of enlightenment
 m - 2 potions of resistance
 o - a potion of magic
 p - a potion of attraction
 q - 3 potions of haste
 s - 3 potions of brilliance
 F - 5 potions of curing
 G - 2 potions of ambrosia
 N - a potion of invisibility {unknown}
Miscellaneous
 M - a phial of floods


   Skills:
 + Level 7.4 Fighting
 + Level 7.4 Short Blades
 + Level 7.4 Long Blades
 + Level 7.4 Axes
 + Level 7.4 Maces & Flails
 + Level 7.4 Polearms
 + Level 7.4 Staves
 + Level 7.4 Ranged Weapons
 + Level 7.4 Throwing
 + Level 7.4 Armour
 + Level 8.8 Dodging
 + Level 8.6 Stealth
 + Level 7.4 Shields
 + Level 7.4 Unarmed Combat
 + Level 10.4 Spellcasting
 + Level 6.6 Conjurations
 + Level 6.2 Hexes
 + Level 6.6 Summonings
 + Level 6.2 Necromancy
 + Level 6.6 Translocations
 + Level 6.2 Fire Magic
 + Level 6.2 Ice Magic
 + Level 6.2 Air Magic
 + Level 6.2 Earth Magic
 + Level 6.2 Alchemy
 + Level 8.2 Invocations
 + Level 7.4 Evocations
 + Level 6.8 Shapeshifting


You had 22 spell levels left.
You knew the following spells:

 Your Spells              Type           Power      Damage    Failure   Level
a - Magic Dart            Conj           100%       1d8       1%          1
b - Blink                 Tloc           62%        N/A       1%          2
c - Mephitic Cloud        Conj/Alch/Air  30%        N/A       2%          3
d - Stone Arrow           Conj/Erth      60%        3d10      2%          3

Your spell library contained the following spells:

 Spells                   Type           Power      Damage    Failure   Level
 Sandblast                Erth           60%        2d14      1%          1
 Slow                     Hex            100%       N/A       1%          1
 Call Imp                 Summ           62%        N/A       1%          2
 Cigotuvi's Dreadful Rot  Necr/Alch/Air  60%        N/A       1%          2
 Passwall                 Erth           30%        N/A       2%          3
 Brom's Barrelling Bould  Conj/Erth      30%        2d5       9%          4


Dungeon Overview and Level Annotations

Branches:
Dungeon (11/15)            Temple (1/1) D:5           Sewer (visited)
   Lair: D:8-11         Orc: D:9-12

Altars:
Ashenzari
Cheibriados
Dithmenos
Elyvilon
Fedhas
Gozag
Hepliaklqana
Kikubaaqudgha
Makhleb
Nemelex Xobeh
Okawaru
Qazlal
Ru
Sif Muna
Trog
Uskayaw
Vehumet
Wu Jian
Xom
Yredelemnul
Zin
The Shining One

Shops:
D:1 =   D:2 ?   D:7 *

Annotations:
D:3 3 runed translucent doors, ratatoskos's ghost, amateur DjHW
D:5 Pikel
D:6 3 runed translucent doors, Tizio's ghost, novice VSFi
D:8 Jeremiah
D:10 5 transporters, Lodul
D:11 3 runed translucent doors, Peloso's ghost, journeyman MiFi


Innate Abilities, Weirdness & Mutations

You have very sharp teeth.
Your uncanny sense of smell can sniff out nearby items.
Your experience applies equally to all skills.


Message History

The vampire gestures wildly while chanting.
The vampire flickers and vanishes!
Deactivating autopickup; reactivate with Ctrl-A.
You hit something. You closely miss something. Something hits you.
Something bites you.
Something draws strength from your injuries!
You closely miss something. Something hits you but does no damage.
Something bites you.
Something draws strength from your injuries!
You hit something but do no damage. Lightning courses through something!!
Something barely misses you. Something bites you!
Something draws strength from your injuries!
You barely miss something. You bite something. Something hits you.
Something bites you!
Something draws strength from your injuries!
You miss something. You closely miss something. Something hits you.
Something barely misses you.
You hit something but do no damage. Something hits you!
You block something's attack.
You hit something but do no damage. Something hits you but does no damage.
Something bites you.
Something draws strength from your injuries!
You miss something. You miss something. Something barely misses you.
Something bites you.
Something draws strength from your injuries!
You hit something but do no damage. Lightning courses through something!
Something hits you.
* * * LOW HITPOINT WARNING * * *
Something barely misses you.
You barely miss something. Something hits you!
* * * LOW HITPOINT WARNING * * *
You block something's attack.
Casting: Stone Arrow (mildly dangerous; 2% risk of failure)
Confirm with . or Enter, or press ? or * to list all spells.
Aiming: Stone Arrow (mildly dangerous; 2% risk of failure)
Press: ? - help, Shift-Dir - straight line The stone arrow hits something!
Something hits you!
* * * LOW HITPOINT WARNING * * *
Something bites you!
You die...

∆ ### ####.####
. ####†..###.#
..## ###
###...###.....
.....##
#@###..####
#.####
...V...###{...##
### #....V†...##
#.####.##### ###
### ####..
######### #.....
#.......# #..#..
#.......# #.##.#


There were no monsters in sight!

Vanquished Creatures
  A boulder beetle (D:8)
  2 two-headed ogres
  A tengu warrior (D:8)
  Nergalle (D:10)
  A cyclops (D:11)
  A komodo dragon (D:11)
  3 trolls
  2 polar bears (D:11)
  Prince Ribbit (D:7)
  A shadow (D:11)
  Sigmund (D:5)
  A wraith (D:10)
  2 centaur simulacra (D:11)
  A vampire (D:9)
  2 wyverns
  31 yaks
  A basilisk (D:11)
  3 steam dragons
  3 vampire mosquitoes
  Menkaure (D:4)
  2 water moccasins
  An orc warrior (D:10)
  An ice beast (D:10)
  A sky beast (D:6)
  A black bear (D:6)
  4 wolves (D:11)
  An ogre (D:5)
  8 centaurs
  A phantom (D:4)
  A kobold brigand (Sewer)
  2 bullfrogs
  2 scorpions (D:6)
  10 wights (D:8)
  17 killer bees
  2 howler monkeys (D:11)
  2 electric eels (D:11)
  4 bombardier beetles
  A hound (D:6)
  5 jellies
  A sleepcap (D:6)
  5 orc priests
  Crazy Yiuf (D:5)
  5 iguanas
  Ijyb (D:4)
  Natasha (thrice) (D:4)
  5 orc wizards
  A boggart simulacrum (D:11)
  Robin (D:4)
  12 adders
  10 river rats (Sewer)
  2 shadow imps
  2 white imps (D:11)
  3 ufetubi
  2 ribbon worms
  6 dart slugs
  22 orcs
  12 ball pythons
  3 bats
  10 endoplasms
  9 giant cockroaches
  13 goblins
  11 hobgoblins
  2 jackals (D:3)
  21 kobolds
  2 quokkas
  4 frilled lizards
  22 rats
317 creatures vanquished.

Vanquished Creatures (collateral kills)
  2 killer bees (D:8)
2 creatures vanquished.

Vanquished Creatures (others)
  An orc wizard (D:4)
1 creature vanquished.

Grand Total: 320 creatures vanquished

Notes
Turn   | Place    | Note
-------+----------+-------------------------------------------
     0 | D:1      | libmonsoon the Gnoll Hedge Wizard began the quest for the
                  | Orb.
     0 | D:1      | Reached XP level 1. HP: 13/13 MP: 8/8
    31 | D:1      | Found Uckiuj's Jewellery Emporium.
   238 | D:1      | Reached XP level 2. HP: 19/19 MP: 7/10
   714 | D:1      | Reached XP level 3. HP: 25/25 MP: 7/11
   930 | D:1      | Reached skill level 1 in Invocations
  1202 | D:1      | Learned a level 2 spell: Blink
  1206 | D:1      | Learned a level 3 spell: Mephitic Cloud
  1373 | D:2      | Found Dinyr's Magic Scroll Shop.
  1376 | D:2      | Bought a scroll of teleportation for 36 gold pieces
  1376 | D:2      | Bought a scroll of identify for 24 gold pieces
  1818 | D:2      | Reached skill level 1 in Fighting
  1818 | D:2      | Reached skill level 1 in Short Blades
  1818 | D:2      | Reached skill level 1 in Long Blades
  1818 | D:2      | Reached skill level 1 in Axes
  1818 | D:2      | Reached skill level 1 in Maces & Flails
  1818 | D:2      | Reached skill level 1 in Polearms
  1818 | D:2      | Reached skill level 1 in Staves
  1818 | D:2      | Reached skill level 1 in Ranged Weapons
  1818 | D:2      | Reached skill level 1 in Throwing
  1818 | D:2      | Reached skill level 1 in Armour
  1818 | D:2      | Reached skill level 1 in Shields
  1818 | D:2      | Reached skill level 1 in Unarmed Combat
  1818 | D:2      | Reached skill level 1 in Evocations
  2192 | D:3      | Reached skill level 1 in Shapeshifting
  2192 | D:3      | Reached XP level 4. HP: 32/32 MP: 10/13
  2225 | D:3      | You fall into a shaft and drop 2 floors!
  2225 | D:5      | Entered Level 5 of the Dungeon
  2366 | D:5      | Noticed a lemure
  2415 | D:5      | Reached skill level 1 in Hexes
  2415 | D:5      | Reached skill level 1 in Necromancy
  2415 | D:5      | Reached skill level 1 in Fire Magic
  2415 | D:5      | Reached skill level 1 in Ice Magic
  2415 | D:5      | Reached skill level 1 in Air Magic
  2415 | D:5      | Reached skill level 1 in Earth Magic
  2415 | D:5      | Reached skill level 1 in Alchemy
  2531 | D:5      | Reached XP level 5. HP: 29/37 MP: 4/14
  2559 | D:4      | Noticed Robin
  2689 | D:5      | Found a glowing drain.
  2706 | D:5      | Learned a level 3 spell: Stone Arrow
  2735 | Sewer    | Entered a sewer
  2979 | Sewer    | Reached XP level 6. HP: 21/44 MP: 2/16
  3094 | Sewer    | Reached skill level 5 in Dodging
  4540 | D:5      | Reached XP level 7. HP: 51/51 MP: 4/18
  4657 | D:5      | Noticed Sigmund
  4658 | D:5      | Noticed Pikel
  4664 | D:5      | Killed Sigmund
  4665 | D:5      | Reached skill level 5 in Stealth
  5033 | D:5      | Found a staircase to the Ecumenical Temple.
  5039 | Temple   | Entered the Ecumenical Temple
  5119 | D:5      | Found a runed translucent door.
  5120 | D:5      | Noticed Crazy Yiuf
  5652 | D:3      | Found a runed translucent gate.
  5652 | D:3      | Found a runed translucent gate.
  5653 | D:3      | Found a runed translucent gate.
  5657 | D:3      | Noticed ratatoskos's ghost (amateur DjHW)
  5660 | D:3      | Identified the +1 mace of Valiance {elec, Str+6 Int-2 SInv}
  6421 | D:3      | Found an opulent altar of Gozag.
  6870 | D:4      | Noticed Natasha
  6874 | D:4      | Killed Natasha
  6940 | D:4      | Noticed Ijyb
  6951 | D:4      | Killed Ijyb
  7079 | D:4      | Noticed Menkaure
  7085 | D:4      | Killed Menkaure
  7086 | D:4      | Reached XP level 8. HP: 58/58 MP: 6/19
  7335 | D:4      | Killed Robin
  7549 | D:4      | Noticed Natasha
  7717 | D:4      | Killed Natasha
  7728 | D:4      | Reached skill level 8 in Spellcasting
  7785 | D:4      | Noticed Natasha
  7793 | D:4      | Killed Natasha
  7944 | D:4      | Found a white marble altar of Elyvilon.
  8308 | D:5      | Killed Crazy Yiuf
  9089 | D:6      | Reached XP level 9. HP: 65/65 MP: 11/21
  9166 | D:6      | Found a runed translucent gate.
  9166 | D:6      | Found a runed translucent gate.
  9166 | D:6      | Found a runed translucent gate.
  9395 | D:6      | Found a glowing silver altar of Zin.
  9773 | D:6      | Noticed Tizio's ghost (novice VSFi)
 10258 | D:7      | Noticed Prince Ribbit
 10272 | D:7      | Killed Prince Ribbit
 10357 | D:7      | Reached skill level 5 in Invocations
 10575 | D:7      | HP: 1/66 [yak (13)]
 10929 | D:7      | Reached skill level 5 in Fighting
 10929 | D:7      | Reached skill level 5 in Short Blades
 10929 | D:7      | Reached skill level 5 in Long Blades
 10929 | D:7      | Reached skill level 5 in Axes
 10929 | D:7      | Reached skill level 5 in Maces & Flails
 10929 | D:7      | Reached skill level 5 in Polearms
 10929 | D:7      | Reached skill level 5 in Staves
 10929 | D:7      | Reached skill level 5 in Ranged Weapons
 10929 | D:7      | Reached skill level 5 in Throwing
 10929 | D:7      | Reached skill level 5 in Armour
 10929 | D:7      | Reached skill level 5 in Shields
 10929 | D:7      | Reached skill level 5 in Unarmed Combat
 10929 | D:7      | Reached skill level 5 in Evocations
 10929 | D:7      | Reached XP level 10. HP: 68/74 MP: 2/22
 11243 | D:7      | Reached skill level 9 in Spellcasting
 11437 | D:7      | Found a snail-covered altar of Cheibriados.
 11511 | D:7      | Found Roned's Assorted Antiques.
 11519 | D:7      | Bought a scroll of teleportation for 96 gold pieces
 11519 | D:7      | Bought a scroll of identify for 64 gold pieces
 11519 | D:7      | Bought a scroll labelled XEYMNU PIUHAE for 32 gold pieces
 12053 | D:8      | Reached skill level 5 in Conjurations
 12053 | D:8      | Reached skill level 5 in Summonings
 12053 | D:8      | Reached skill level 5 in Translocations
 12227 | D:8      | Reached skill level 5 in Shapeshifting
 12657 | D:8      | Noticed a tengu warrior
 12670 | D:8      | Noticed a boulder beetle
 12691 | D:8      | Killed a tengu warrior
 12960 | D:8      | Noticed Jeremiah
 13161 | D:8      | Killed a boulder beetle
 13364 | D:9      | Reached skill level 5 in Hexes
 13364 | D:9      | Reached skill level 5 in Necromancy
 13364 | D:9      | Reached skill level 5 in Fire Magic
 13364 | D:9      | Reached skill level 5 in Ice Magic
 13364 | D:9      | Reached skill level 5 in Air Magic
 13364 | D:9      | Reached skill level 5 in Earth Magic
 13364 | D:9      | Reached skill level 5 in Alchemy
 13364 | D:9      | Reached XP level 11. HP: 81/81 MP: 8/24
 13987 | D:9      | Noticed a two-headed ogre
 13997 | D:9      | Killed a two-headed ogre
 15404 | D:10     | Entered Level 10 of the Dungeon
 15404 | D:10     | Noticed Nergalle
 15411 | D:10     | Killed Nergalle
 15509 | D:10     | Found a transporter.
 15645 | D:10     | Noticed a two-headed ogre
 15650 | D:10     | Killed a two-headed ogre
 15651 | D:10     | Reached skill level 10 in Spellcasting
 15958 | D:10     | Found a transporter.
 15960 | D:10     | Found a transporter.
 16297 | D:10     | Found a transporter.
 16298 | D:10     | Noticed an occultist
 16298 | D:10     | Noticed a white ugly thing
 16324 | D:10     | Noticed Lodul
 16335 | D:10     | Found a transporter.
 16558 | D:11     | Noticed a cyclops
 16563 | D:11     | Killed a cyclops
 16564 | D:11     | Reached XP level 12. HP: 91/91 MP: 10/26
 17539 | D:11     | Found a runed translucent gate.
 17540 | D:11     | Found a runed translucent gate.
 17542 | D:11     | Noticed Peloso's ghost (journeyman MiFi)
 17544 | D:11     | Found a runed translucent gate.
 17544 | D:11     | Noticed a yaktaur captain
 17545 | D:11     | Noticed a two-headed ogre
 17904 | D:11     | HP: 1/91 [something (13)]
 17904 | D:11     | Mangled by a vampire

Illustrated notes

Levels and vault maps discovered:
D:1:      nzn_arrival_crosshair, layout_basic, serial_shops, shop,
          minmay_worlds_worst_comb
D:2:      layout_loops_ring, serial_shops, nicolae_shop_behind_doors,
          solitary_fountain, minmay_misc_feat_enclosed, bh_walls_and_bars
D:3:      layout_loops_ring, mainiacjoe_overflow_brackets,
          biasface_ghost_orc_armoury, serial_forest, infiniplex_forest_end_2,
          infiniplex_forest_end_3, infiniplex_forest_corner_2,
          infiniplex_forest_straight_5, infiniplex_forest_clump_curved,
          infiniplex_forest_end_3, infiniplex_forest_lined_corner,
          infiniplex_forest_lined_room_, reono_crystal_passage,
          dreamdust_mushroom_princess, grunt_decor_mini_mirrors
D:4:      layout_rooms, mainiacjoe_overflow_cross_hatched, corner_web_ring,
          uniq_menkaure, uniq_robin, uniq_natasha, uniq_ijyb
D:5:      layout_loops_ring, minmay_temple_entry_fiery, gup_sewer_entry_glass,
          serial_glass, glass_columns_a, glass_columns_a, nicolae_half_adder,
          uniq_pikel, uniq_crazy_yiuf_cottage, uniq_sigmund
D:6:      layout_layer_cave, overflow_temple_1_default, gammafunk_ghost_icy
D:7:      layout_cave_pools, slow_altar_1, serial_shops, shop,
          uniq_prince_ribbit1
D:8:      layout_loops_cross, minmay_radiant, uniq_jeremiah
D:9:      layout_grid_maze
D:10:     gammafunk_the_bubble [the_bubble_gammafunk_roulette],
          layout_irregular_city, uniq_lodul, uniq_nergalle
D:11:     layout_rooms, erik_lair_dragon, gammafunk_ghost_split, serial_ice,
          serial_ice_o, serial_ice_g, serial_ice_j, serial_ice_f, serial_ice_n,
          serial_ice_h, serial_ice_b, serial_ice_d, kennysheep_just_a_vault
Temple:   nicolae_temple_two_arcs

Skill      XL: |  1  2  3  4  5  6  7  8  9 10 11 12 |
---------------+-------------------------------------+-----
Conjurations   | 2 3 4 5 6 |  6.6
Summonings     | 2 3 4 5 6 |  6.6
Translocations | 2 3 4 5 6 |  6.6
Invocations    | 1 2 3 4 5 6 7 8 |  8.2
Fighting       | 1 2 3 5 6 7 |  7.4
Short Blades   | 1 2 3 5 6 7 |  7.4
Long Blades    | 1 2 3 5 6 7 |  7.4
Axes           | 1 2 3 5 6 7 |  7.4
Maces & Flails | 1 2 3 5 6 7 |  7.4
Polearms       | 1 2 3 5 6 7 |  7.4
Staves         | 1 2 3 5 6 7 |  7.4
Ranged Weapons | 1 2 3 5 6 7 |  7.4
Throwing       | 1 2 3 5 6 7 |  7.4
Armour         | 1 2 3 5 6 7 |  7.4
Shields        | 1 2 3 5 6 7 |  7.4
Unarmed Combat | 1 2 3 5 6 7 |  7.4
Evocations     | 1 2 3 5 6 7 |  7.4
Shapeshifting  | 1 2 3 4 5 6 |  6.8
Hexes          | 1 2 3 4 5 6 |  6.2
Necromancy     | 1 2 3 4 5 6 |  6.2
Fire Magic     | 1 2 3 4 5 6 |  6.2
Ice Magic      | 1 2 3 4 5 6 |  6.2
Air Magic      | 1 2 3 4 5 6 |  6.2
Earth Magic    | 1 2 3 4 5 6 |  6.2
Alchemy        | 1 2 3 4 5 6 |  6.2
Dodging        | 5 6 7 8 |  8.8
Stealth        | 5 6 7 8 |  8.6
Spellcasting   | 8 9 10 | 10.4

Action                     |  1- 3 |  4- 6 |  7- 9 | 10-12 || total
---------------------------+-------+-------+-------+-------++-------
  Melee: Whip              |     2 |    77 |    23 |       ||   102
         Bite              |       |     6 |    16 |    29 ||    51
         Punch             |       |     1 |       |       ||     1
         Dagger            |       |       |    84 |   199 ||   283
  Throw: Dart              |       |       |     5 |       ||     5
   Cast: Magic Dart        |   115 |   101 |       |     7 ||   223
         Mephitic Cloud    |       |     1 |    10 |    17 ||    28
         Stone Arrow       |       |    37 |   141 |   220 ||   398
         Blink             |       |       |     3 |       ||     3
  Evoke: Wand              |       |       |     1 |     5 ||     6
         Phial of floods   |       |       |       |     1 ||     1
    Use: Scroll            |     2 |     2 |     3 |     5 ||    12
         Potion            |       |     2 |     4 |     3 ||     9
   Stab: Sleeping          |     1 |       |       |       ||     1
         Confused          |       |     1 |     4 |    16 ||    21
         Distracted        |       |       |       |     1 ||     1
 Armour: Robe              |     8 |    62 |    78 |   128 ||   276
  Dodge: Dodged            |    13 |    74 |    75 |   129 ||   291
  Block: Buckler           |       |       |    27 |    28 ||    55
         Kite shield       |       |       |       |    87 ||    87
